 Dungeon Sprint DCSS version 0.31-a0-836-g3ceb0a68c4 (webtiles) character file.

Game seed: 14596912353925748712

24371 sircluck the Brawler (level 12, -7/222 HPs)
             Began as a Troll Berserker on Sept 26, 2023.
             Was the Champion of Trog.
             Killed from afar by a deep elf knight (24 damage)
             ... with a lance of force
             ... in the Dungeon (Sprint III: "The Ten Rune Challenge").
             The game lasted 00:08:09 (2456 turns).

sircluck the Brawler (Troll Berserker)              Turns: 2456, Time: 00:08:10

Health: -7/222     AC:  4    Str: 36    XL:     12   Next: 80%
Magic:  11/11      EV: 13    Int:  2    God:    Trog [******]
Gold:   3602       SH:  8    Dex:  8    Spells: 11/11 levels left

rFire   . .          .
                       - Unarmed
rCold   . . .        u - +2 kite shield {reflect}
rNeg    . . .        a - +0 animal skin
rPois   +            (helmet restricted)
rElec   .            (no cloak)
rCorr   .            (gloves unavailable)
SInv    .            (boots unavailable)
Will    .....        (no amulet) Stlth
                     (no ring)
HPRegen 1.37/turn    (no ring)
MPRegen 0.12/turn

%: no teleportation, reflection
@: berserking, very quick
A: large, unfitting armour, claws 3, regeneration 1, shaggy fur 1, tough skin 1,
poison resistance, strong 1
a: Renounce Religion, Berserk, Trog's Hand, Brothers in Arms


You were in the Dungeon.
You worshipped Trog.
Trog was exalted by your worship.
You visited 1 branch You collected 3602 gold pieces.

Inventory:

Missiles
 r - 5 javelins
 s - 10 datura-tipped darts
 t - 7 curare-tipped darts
Armour
 a - a +0 animal skin (worn)
 u - a +2 kite shield of reflection (worn)
Wands
 p - a wand of iceblast (6)
Scrolls
 i - a scroll of poison {unknown}
 j - a scroll of amnesia {unknown}
 k - a scroll of immolation {unknown}
 l - 12 scrolls of identify
Potions
 b - 2 potions of curing
 c - a potion of heal wounds
 d - a potion of haste
 e - 2 potions of magic
 f - a potion of berserk rage
 h - 2 potions of mutation
 m - 2 potions of attraction {unknown}
 n - a potion of degeneration {unknown}
 q - a potion of enlightenment {unknown}
Miscellaneous
 o - a phantom mirror


   Skills:
 + Level 17.0 Fighting
 + Level 16.7 Dodging
 + Level 19.6 Unarmed Combat


You had 11 spell levels left.
You didn't know any spells.
Your spell library was empty.

Dungeon Overview and Level Annotations

Branches:
Dungeon (1/1)

Altars:
Cheibriados
Dithmenos
Elyvilon
Fedhas
Gozag
Hepliaklqana
Kikubaaqudgha
Makhleb
Nemelex Xobeh
Okawaru
Qazlal
Ru
Sif Muna
Trog
Uskayaw
Vehumet
Wu Jian
Xom
Yredelemnul
Zin
The Shining One
Jiyva
Lugonu

Shops:
D (

Annotations:
D exclusion: 2 doors


Innate Abilities, Weirdness & Mutations

You are too large for most types of armour.
You have claws for hands.
Your natural rate of healing is unusually fast.
You are covered in fur. (AC +1)
You have tough skin. (AC +1)
Your system is resistant to poisons. (rPois)
Your muscles are strong. (Str +4, Int/Dex -1)


Message History

Items here: ))))))) [[[ ÷÷÷÷÷.
The deep elf knight gestures at you while chanting.
The shard of ice hits you!!!
Items here: ))) [[ ÷.
You claw the deep elf knight!
The deep elf knight is moderately wounded.
The deep elf knight hits you with a +0 short sword!
The deep elf knight blocks your attack.
The deep elf knight is lightly wounded.
The deep elf knight hits you with a +0 short sword!
The deep elf knight gestures wildly while chanting.
The deep elf knight flickers and vanishes!
Deactivating autopickup; reactivate with Ctrl-A.
No target in view!
You mangle something!! Something hits you!
You closely miss something. Something hits you!
You mangle something!! Something hits you! Something blocks your attack.
You hear some strange, mumbled words.
A lance of force appears from out of thin air!
The lance of force hits you!
You are knocked back by the lance of force.
You slam into the rock wall!
* * * LOW HITPOINT WARNING * * *
A red film seems to cover your vision as you go berserk!
You feel yourself moving faster!
You feel mighty!
You hear some strange, mumbled words.
A shard of ice appears from out of thin air!
The shard of ice misses you. Something hits you!
* * * LOW HITPOINT WARNING * * *
You miss something. Something blocks your attack.
The deep elf zephyrmancer shouts!
Something hits you!
* * * LOW HITPOINT WARNING * * *
You miss something.
You hear some strange, mumbled words.
A lance of force appears from out of thin air!
The lance of force hits you!!
You die...

▓▓▓ ▓▓▓▓▓▓▓▓
♣.#############..##..##########
♣.#___#___#__#∩.....##e.'.#e..#
..#...#__)#._#..........#.#e..#
..###'#'###)##..{......##.#e..≈≈
..#..........#..@.......#.#e..##
..'.⌠.)......#))#.##.##.#.+...#
♣.#...######'#)###..#...#######
..#.⌠.#__#...#'##################
..#...#__#...#....#.#.#...).#.^..
..#)###__#...##.#..#)##)###)#....
..#.::#__#.).'##)#)#)##.#..##^.^.
..#___#__'.).#...#.)#..##..'.....
▓▓▓▓▓▓▓▓▓▓▓▓▓▓▓▓▓▓▓▓▓▓▓▓▓▓▓#..^^^


You could see a deep elf zephyrmancer.

Vanquished Creatures
  Rupert (D)
  Gastronok (D)
  Frances (D)
  Donald (D)
  2 dire elephants (D)
  2 hydras (D)
  Erolcha (D)
  4 death yaks (D)
  Urug (D)
  A spriggan druid (D)
  A death drake (D)
  An orc knight (D)
  A lindwurm (D)
  2 deep elf pyromancers (D)
  2 orc sorcerers (D)
  2 black mambas (D)
  2 elephants (D)
  2 cane toads (D)
  A komodo dragon (D)
  A rime drake (D)
  A queen bee (D)
  2 tyrant leeches (D)
  8 blink frogs (D)
  3 orc high priests (D)
  A shadow (D)
  2 spriggans (D)
  5 redbacks (D)
  3 wandering mushrooms (D)
  A spatial vortex (D)
  A floating eye (D)
  A swamp drake (D)
  5 two-headed ogres (D)
  A necrophage (D)
  A water elemental (D)
  A scorpion (D)
  11 killer bees (D)
  An electric eel (D)
  7 orc priests (D)
  A jelly (D)
  Jessica (D)
  A wizard (D)
  A necromancer (D)
  3 humans (D)
  A kobold demonologist (D)
  9 orcs (D)
  An endoplasm (D)
  2 rats (D)
105 creatures vanquished.

Vanquished Creatures (collateral kills)
  21 killer bees (D)
21 creatures vanquished.

Vanquished Creatures (others)
  An adder (D)
1 creature vanquished.

Grand Total: 127 creatures vanquished

Notes
Turn   | Place    | Note
-------+----------+-------------------------------------------
     0 | D        | sircluck the Troll Berserker began the quest for the Orb.
     0 | D        | Reached XP level 1. HP: 22/22 MP: 0/0
    11 | D        | Noticed Jessica
    15 | D        | Killed Jessica
    15 | D        | Reached ** piety under Trog
    16 | D        | Reached skill level 4 in Unarmed Combat
    16 | D        | Reached XP level 2. HP: 25/32 MP: 1/1
    21 | D        | Reached XP level 3. HP: 37/39 MP: 2/2
    52 | D        | Noticed a scorpion
    61 | D        | Killed a scorpion
    61 | D        | Reached *** piety under Trog
    62 | D        | Reached skill level 5 in Fighting
    62 | D        | Reached skill level 5 in Unarmed Combat
    62 | D        | Reached XP level 4. HP: 50/50 MP: 3/3
    76 | D        | Gained mutation: Your system is resistant to poisons.
                  | (rPois) [potion of mutation]
    76 | D        | Gained mutation: Your muscles are strong. (Str +4, Int/Dex
                  | -1) [potion of mutation]
    91 | D        | Noticed a water elemental
    95 | D        | Killed a water elemental
    96 | D        | Reached skill level 5 in Dodging
    96 | D        | Reached skill level 6 in Unarmed Combat
    96 | D        | Reached XP level 5. HP: 59/59 MP: 4/4
   153 | D        | Found a radiant altar of Vehumet.
   153 | D        | Found a shimmering blue altar of Sif Muna.
   153 | D        | Found an ancient bone altar of Kikubaaqudgha.
   156 | D        | Reached skill level 7 in Unarmed Combat
   160 | D        | Reached **** piety under Trog
   168 | D        | Found a glowing silver altar of Zin.
   168 | D        | Found a glowing golden altar of the Shining One.
   168 | D        | Found a white marble altar of Elyvilon.
   169 | D        | Noticed a deep elf pyromancer
   173 | D        | Killed a deep elf pyromancer
   174 | D        | Reached skill level 9 in Unarmed Combat
   174 | D        | Reached XP level 6. HP: 45/72 MP: 5/5
   174 | D        | Reached XP level 7. HP: 50/80 MP: 6/6
   210 | D        | Found a hide-covered altar of Uskayaw.
   210 | D        | Found an iron altar of Okawaru.
   210 | D        | Found a bloodstained altar of Trog.
   210 | D        | Found an ornate altar of the Wu Jian Council.
   210 | D        | Noticed a human
   210 | D        | Noticed a human
   213 | D        | Killed a human
   214 | D        | Reached skill level 10 in Unarmed Combat
   221 | D        | Killed a human
   274 | D        | Found a basalt altar of Yredelemnul.
   274 | D        | Found a shadowy altar of Dithmenos.
   274 | D        | Found a sacrificial altar of Ru.
   282 | D        | Reached ***** piety under Trog
   326 | D        | Noticed a shadow
   330 | D        | Killed a shadow
   331 | D        | Reached XP level 8. HP: 73/92 MP: 7/7
   382 | D        | Reached skill level 11 in Unarmed Combat
   392 | D        | Found a blossoming altar of Fedhas.
   392 | D        | Found a stormy altar of Qazlal.
   392 | D        | Found a snail-covered altar of Cheibriados.
   392 | D        | Found a burning altar of Makhleb.
   392 | D        | Found a shimmering altar of Xom.
   393 | D        | Found a hazy altar of Hepliaklqana.
   393 | D        | Found an opulent altar of Gozag.
   393 | D        | Found a sparkling altar of Nemelex Xobeh.
   393 | D        | Found a corrupted altar of Lugonu.
   393 | D        | Found a viscous altar of Jiyva.
   487 | D        | Noticed a two-headed ogre
   492 | D        | Killed a two-headed ogre
   492 | D        | Reached ****** piety under Trog
   493 | D        | Reached skill level 10 in Fighting
   493 | D        | Reached skill level 10 in Dodging
   550 | D        | Noticed Erolcha
   550 | D        | Noticed a two-headed ogre
   558 | D        | Killed Erolcha
   559 | D        | Reached skill level 12 in Unarmed Combat
   559 | D        | Reached XP level 9. HP: 79/102 MP: 8/8
   561 | D        | Killed a two-headed ogre
   561 | D        | Received a gift from Trog
   569 | D        | Reached skill level 13 in Unarmed Combat
   633 | D        | Noticed a wandering mushroom
   639 | D        | Noticed a wandering mushroom
   641 | D        | Noticed a wandering mushroom
   680 | D        | Noticed a cane toad
   680 | D        | Noticed a komodo dragon
   680 | D        | Noticed a cane toad
   686 | D        | Killed a cane toad
   689 | D        | Killed a cane toad
   689 | D        | Received a gift from Trog
   690 | D        | Reached XP level 10. HP: 83/115 MP: 9/9
   695 | D        | Reached skill level 14 in Unarmed Combat
   788 | D        | Received a gift from Trog
   816 | D        | Noticed an elephant
   816 | D        | Noticed an elephant
   818 | D        | Noticed a dire elephant
   819 | D        | Killed an elephant
   828 | D        | Killed a dire elephant
   829 | D        | Reached skill level 15 in Unarmed Combat
   830 | D        | Killed an elephant
   833 | D        | Noticed a dire elephant
   833 | D        | Noticed Gastronok
   851 | D        | Killed a dire elephant
   856 | D        | HP: 5/119 [Gastronok/the air (26)]
   863 | D        | Killed Gastronok
   863 | D        | Received a gift from Trog
   864 | D        | Reached skill level 16 in Unarmed Combat
   864 | D        | Reached XP level 11. HP: 39/128 MP: 10/10
   944 | D        | Noticed an azure jelly
   944 | D        | Noticed an azure jelly
   944 | D        | Noticed an azure jelly
   945 | D        | Noticed an azure jelly
   952 | D        | Noticed Rupert
   963 | D        | Killed Rupert
  1009 | D        | Noticed a death yak
  1009 | D        | Noticed a death yak
  1020 | D        | Killed a death yak
  1021 | D        | Noticed a death yak
  1023 | D        | Killed a death yak
  1024 | D        | Noticed a death yak
  1032 | D        | Killed a death yak
  1035 | D        | Killed a death yak
  1036 | D        | Reached skill level 17 in Unarmed Combat
  1058 | D        | Identified the +3 great sword of Checks and Balances
                  | {heavy, Dex+3} (Trog gifted it to you in the Dungeon)
  1058 | D        | Received a gift from Trog
  1147 | D        | Reached skill level 15 in Fighting
  1327 | D        | Noticed a lindwurm
  1333 | D        | Killed a lindwurm
  1334 | D        | Reached skill level 15 in Dodging
  1339 | D        | Received a gift from Trog
  1397 | D        | Noticed Urug
  1405 | D        | Killed Urug
  1467 | D        | Noticed a seven-headed hydra
  1467 | D        | Noticed a four-headed hydra
  1578 | D        | Killed an 11-headed hydra
  1579 | D        | Reached skill level 18 in Unarmed Combat
  1579 | D        | Reached XP level 12. HP: 108/143 MP: 11/11
  1579 | D        | Killed an eight-headed hydra
  1584 | D        | Received a gift from Trog
  1660 | D        | Found a blossoming altar of Fedhas.
  1800 | D        | Noticed Donald
  1800 | D        | Noticed Frances
  1809 | D        | Killed Frances
  1809 | D        | Received a gift from Trog
  1814 | D        | Killed Donald
  1938 | D        | Reached skill level 19 in Unarmed Combat
  1940 | D        | Received a gift from Trog
  1952 | D        | Received a gift from Trog
  1966 | D        | Received a gift from Trog
  2073 | D        | Found Qejyemui's Antique Weapon Shoppe.
  2074 | D        | Noticed an orc high priest
  2082 | D        | Killed an orc high priest
  2085 | D        | Received a gift from Trog
  2108 | D        | Received a gift from Trog
  2115 | D        | HP: 3/143 [orc priest/divine providence (12)]
  2367 | D        | Received a gift from Trog
  2456 | D        | Killed from afar by a deep elf knight

Illustrated notes

Levels and vault maps discovered:
D:        dungeon_sprint_mu [sprint_mu_entry_forest, sprint_mu_temple_rooms,
          sprint_mu_d1_spiders, sprint_mu_d2_genie, sprint_mu_d3_branching,
          sprint_mu_orc_legion, sprint_mu_elf_gauntlet, sprint_mu_hive_nellie,
          sprint_mu_lair_fedhas, sprint_mu_vaults_butterflies,
          sprint_mu_slime_circle, sprint_mu_swamp_cave, sprint_mu_snake_twists,
          sprint_mu_blade_basic, sprint_mu_crypt_chambers,
          sprint_mu_tomb_spiral, sprint_mu_vestibule_basic,
          sprint_mu_gehenna_hellfire, sprint_mu_dis_giant,
          sprint_mu_tartarus_statrot, sprint_mu_cocytus_islands, sprint_mu_zot1]

Skill      XL: |  1  2  3  4  5  6  7  8  9 10 11 12 |
---------------+-------------------------------------+-----
Fighting       | 3 5 8 9 10 11 13 15 17 | 17.0
Dodging        | 3 4 5 7 9 10 11 13 15 16 | 16.7
Unarmed Combat | 4 5 6 9 10 12 13 16 18 19 | 19.6

Action                     |  1- 3 |  4- 6 |  7- 9 | 10-12 || total
---------------------------+-------+-------+-------+-------++-------
  Melee: Unarmed           |    23 |    13 |    83 |   255 ||   374
         Punch             |       |     1 |     4 |    13 ||    18
 Invoke: Berserk           |       |     1 |       |     5 ||     6
         Brothers in Arms  |       |       |       |     3 ||     3
  Evoke: Wand              |       |       |       |     2 ||     2
         Phantom mirror    |       |       |       |     1 ||     1
    Use: Potion            |       |     1 |       |     3 ||     4
         Scroll            |       |       |       |     1 ||     1
 Armour: Animal skin       |    10 |     5 |    43 |   160 ||   218
  Dodge: Dodged            |     8 |     1 |    29 |   109 ||   147
  Block: Kite shield       |       |       |       |    36 ||    36

Table legend: (Time is in decaauts)
 A = Elapsed time spent in this place.
 B = Non-inter-level travel time spent in this place.
 C = Inter-level travel time spent in this place.
 D = Time resting spent in this place.
 E = Time spent auto-exploring this place.
 F = Levels seen in this place.
 G = Mean time per level.
                   A        B        C        D        E       F      G
               +--------+--------+--------+--------+--------+-----+--------+
         Total |   2445 |   2314 |    131 |   1063 |    476 |   1 | 2445.0 |
       Dungeon |   2445 |   2314 |    131 |   1063 |    476 |   1 | 2445.0 |
               +--------+--------+--------+--------+--------+-----+--------+

Top non-repeatable levels by time:
       D: 2445 daAuts
